 Dungeon Crawl Stone Soup version 0.25.1-8-g42b30a86e7 (webtiles) character file.

Game seed: 11708330370714861869

454 H0rd4k the Magician (level 6, -12/32 HPs)
             Began as a Deep Elf Wizard on Dec 21, 2020.
             Mangled by a troll (15 damage)
             ... on level 4 of the Dungeon.
             The game lasted 00:09:33 (5926 turns).

H0rd4k the Magician (Deep Elf Wizard)               Turns: 5926, Time: 00:09:33

Health: -12/32     AC:  6    Str:  4    XL:     6   Next: 76%
Magic:  1/18       EV: 13    Int: 25    God:
Gold:   109        SH:  0    Dex: 13    Spells: 11/20 levels left

rFire    . . .     SeeInvis .   i - -1 dagger
rCold    . . .     Gourm    .   (no shield)
rNeg     . . .     Faith    .   a - +0 robe
rPois    .         Spirit   .   b - +0 hat
rElec    .         Reflect  .   (no cloak)
rCorr    .         Harm     .   (no gloves)
MR       .....                  (no boots)
Stlth    ++........             (no amulet)
HPRegen  0.10/turn              n - +4 ring of protection
MPRegen  0.16/turn              (no ring)

@: about to teleport, very slightly contaminated
A: no striking features
a: no special abilities


You were on level 4 of the Dungeon.
You were not hungry.

You visited 1 branch of the dungeon, and saw 4 of its levels.

You collected 109 gold pieces.

Inventory:

Hand Weapons
 i - a -1 dagger (weapon)
Armour
 a - a +0 robe (worn)
 b - a +0 hat (worn)
Jewellery
 n - a +4 ring of protection (left hand)
 p - an uncursed amulet of reflection {unknown}
Wands
 m - a wand of digging (4)
 r - a wand of random effects (13)
Scrolls
 e - 4 scrolls of identify
 l - a scroll of remove curse
 q - a scroll of magic mapping {unknown}
Potions
 g - a potion of brilliance
 h - a potion of berserk rage {unknown}
 j - a potion of haste {unknown}
 k - a potion of stabbing {unknown}
 o - a potion of heal wounds {unknown}
 s - a potion of curing
Comestibles
 d - 5 rations


   Skills:
 + Level 2.9 Dodging
 + Level 3.1 Stealth
 + Level 7.5 Spellcasting
 + Level 3.1 Conjurations
   Level 1.1 Summonings
 + Level 1.1 Translocations
 - Level 2.6 Fire Magic
 + Level 1.2 Air Magic
 * Level 2.2 Poison Magic
 + Level 0.2 Evocations


You had 11 spell levels left.
You knew the following spells:

 Your Spells              Type           Power        Failure   Level  Hunger
a - Magic Dart            Conj           ###.         1%          1    None
b - Blink                 Tloc           N/A          6%          2    None
c - Conjure Flame         Conj/Fire      ###.....     6%          3    None
d - Mephitic Cloud        Conj/Pois/Air  ###.....     8%          3    None

Your spell library contained the following spells:

 Spells                   Type           Power        Failure   Level  Hunger
 Call Imp                 Summ           ###.....     6%          2    None
 Slow                     Hex            #.......     10%         2    None


Dungeon Overview and Level Annotations

Branches:
Dungeon (4/15)
 Temple: D:4-7

Altars:
Okawaru
Yredelemnul

Shops:
D:4 }

Annotations:
D:4 exclusion: upstairs


Message History

Press: ? - help, Shift-Dir - straight line, f/p - troll
Aim: a troll (almost dead)
The troll resists with some effort.
Evoke which item? (* to show all) (? for menu, Esc to quit)
Aiming: Random Effects
Press: ? - help, Shift-Dir - straight line, f/p - troll
Aim: a troll (almost dead)
The troll seems to speed up.
Evoke which item? (* to show all) (? for menu, Esc to quit)
Aiming: Random Effects
Press: ? - help, Shift-Dir - straight line, f/p - troll
Aim: a troll (almost dead, fast)
The puff of flame hits the troll!
The troll is almost dead.
As you read the scroll of teleportation, it crumbles to dust.
You feel strangely unstable. The troll bites you!!
Ouch! That really hurt!
* * * LOW HITPOINT WARNING * * *
The troll misses you. The troll claws you!
You die...

#..<.#..........##.
#....')............
#....#.............
#....#.............
#....#...........>.
#....#.....#######'
#....#.....##..# .###
#....#.....T...# .....
#....#.....@...# .....#####
#....#.........# ..........
#....#.........# ..........
#[.......####..# #####.##.##
#############..###.###.##.##
#.......#.........#
#..(.....###......#
#........'∩'.....<#
###+##.#####.....##


You could see a troll (fast).

Vanquished Creatures
  An ogre (D:4)
  3 orc priests (D:3)
  An orc wizard (D:3)
  A centaur skeleton (D:4)
  An iguana (D:4)
  A worker ant (D:4)
  7 adders
  An ooze (D:2)
  7 worms
  A dart slug (D:3)
  4 leopard geckos
  6 orcs (D:3)
  3 giant cockroaches
  9 goblins
  11 hobgoblins
  9 jackals
  A quokka (D:2)
  10 bats
  3 frilled lizards
  8 kobolds
  2 quokka skeletons
  5 rats
95 creatures vanquished.

Notes
Turn   | Place    | Note
-------+----------+-------------------------------------------
     0 | D:1      | H0rd4k the Deep Elf Wizard began the quest for the Orb.
     0 | D:1      | Reached XP level 1. HP: 10/10 MP: 7/7
   376 | D:1      | Reached skill level 5 in Spellcasting
   490 | D:1      | Reached XP level 2. HP: 15/15 MP: 7/10
  1089 | D:2      | Found a basalt altar of Yredelemnul.
  1404 | D:2      | Reached XP level 3. HP: 8/19 MP: 2/12
  1685 | D:2      | Reached skill level 6 in Spellcasting
  1689 | D:2      | Learned a level 2 spell: Blink
  1693 | D:2      | Learned a level 3 spell: Conjure Flame
  1697 | D:2      | Learned a level 3 spell: Mephitic Cloud
  2078 | D:2      | Reached XP level 4. HP: 24/24 MP: 5/14
  2924 | D:3      | Found an iron altar of Okawaru.
  3671 | D:4      | Noticed a troll
  3716 | D:4      | Reached XP level 5. HP: 28/28 MP: 2/16
  4343 | D:3      | Reached skill level 1 in Fire Magic
  4617 | D:3      | Reached skill level 7 in Spellcasting
  4626 | D:3      | Reached skill level 1 in Air Magic
  4870 | D:3      | Reached XP level 6. HP: 32/32 MP: 10/18
  5188 | D:3      | Reached skill level 1 in Poison Magic
  5519 | D:4      | Found Natungou's Gadget Shop.
  5926 | D:4      | Mangled by a troll

Illustrated notes

Levels and vault maps discovered:
D:1:      minmay_arrival_solitary_statue, layout_basic,
          chequers_serial_rivers_large_a, minmay_statues_item, grunt_decor_cap
D:2:      layout_basic, yredelemnul_altar_generic, minmay_fountain_box,
          minmay_split_cup_large
D:3:      layout_basic, overflow_temple_1_default, first_ration
D:4:      layout_gridville, grunt_temple_overflow_cloverleaf, serial_shops,
          kennysheep_mini

Skill      XL: |  1  2  3  4  5  6 |
---------------+-------------------+-----
Spellcasting   | 5 6 7 |  7.5
Conjurations   | 2 3 |  3.1
Stealth        | 3 |  3.1
Fire Magic     | 2 |  2.6
Air Magic      | 1 |  1.2
Poison Magic   | 2 |  2.2
Dodging        | |  2.9
Summonings     | |  1.1
Translocations | |  1.1
Evocations     | |  0.2

Action                   |  1- 3 |  4- 6 || total
-------------------------+-------+-------++-------
 Cast: Magic Dart        |   101 |   246 ||   347
       Blink             |       |     8 ||     8
       Mephitic Cloud    |       |     5 ||     5
       Conjure Flame     |       |     4 ||     4
Evoke: Wand              |       |    11 ||    11
  Use: Potion            |     1 |     1 ||     2
       Scroll            |       |     5 ||     5
  Eat: Chunk             |     3 |    12 ||    15
Armor: Robe              |     9 |    22 ||    31
Dodge: Dodged            |    22 |    47 ||    69
